 Dungeon Crawl Stone Soup version 0.31-a0-150-g89dc3ad700 (webtiles) character file.

Game seed: 11104444130457189156

192 qw the Shooter (level 5, -5/32 HPs)
             Began as a Gargoyle Hunter on June 8, 2023.
             Was an Initiate of Okawaru.
             Slain by an orc
             ... wielding a +0 mace
              (6 damage)
             ... on level 5 of the Dungeon.
             The game lasted 00:00:56 (2711 turns).

qw the Shooter (Gargoyle Hunter)                    Turns: 2711, Time: 00:00:57

Health: -5/32      AC: 11    Str: 14    XL:     5   Next: 71%
Magic:  5/5        EV: 11    Int: 10    God:    Okawaru [......]
Gold:   175        SH:  0    Dex: 15    Spells: 4/4 levels left

rFire   . . .        Y - +1 shortbow
rCold   . . .        (shield currently unavailable)
rNeg    + + .        b - +0 ring mail
rPois   inf          j - +0 helmet
rElec   +            (no cloak)
rCorr   .            c - +0 pair of gloves
SInv    .            (no boots)
Will    .....        (no amulet)
Stlth   +            a - ring of positive energy
HPRegen 0.25/turn    (no ring)
MPRegen 0.09/turn

%: no passive effects
@: about to teleport
A: sickness immunity, AC +4, negative energy resistance 1, electricity
resistance, torment resistance 1, petrification resistance
a: Renounce Religion


You were on level 5 of the Dungeon.
You worshipped Okawaru.
Okawaru was noncommittal.
You visited 1 branch of the dungeon, and saw 5 of its levels.

You collected 175 gold pieces.


Innate Abilities, Weirdness & Mutations

You are immune to sickness and miasma.
Your stone body is resilient. (AC +4)
You are immune to poison.
You resist negative energy. (rN+)
You are resistant to electric shocks. (rElec)
You are resistant to unholy torment.
You are immune to petrification.


   Skills:
 + Level 3.5 Fighting
 - Level 6.0 Ranged Weapons
 - Level 1.6 Armour
 - Level 1.5 Dodging
 - Level 1.1 Stealth


You had 4 spell levels left.
You didn't know any spells.
Your spell library was empty.

Inventory:

Hand Weapons
 Y - a +1 shortbow (weapon)
Armour
 b - a +0 ring mail (worn)
 c - a +0 pair of gloves (worn)
 j - a +0 helmet (worn)
Jewellery
 a - a ring of positive energy (left hand)
Scrolls
 e - a scroll of teleportation
 i - a scroll of identify
Potions
 d - a potion of might
 f - a potion of cancellation {unknown}
 g - a potion of haste
 h - a potion of degeneration {unknown}

Dungeon Overview and Level Annotations

Branches:
Dungeon (5/15)
 Temple: D:4-7

Altars:
Ashenzari
Fedhas
Gozag
Hepliaklqana
Okawaru
Uskayaw
Zin


Message History

Found a potion of attraction.
There is a stone staircase leading up here.
Waypoint 4 assigned to D:5.
Found a scale mail.
You now have 175 gold pieces (gained 10).
A hound and an ice beast come into view.
The hound barks!
You shoot an arrow. The arrow hits the ice beast!
The ice beast is moderately wounded.
An orc comes into view. It is wielding a +0 mace.
You shoot an arrow. The arrow misses the hound.
The orc shouts!
You shoot an arrow. The arrow barely misses the hound.
You shoot an arrow. The arrow closely misses the hound.
The hound closely misses you. The hound bites you but does no damage.
You shoot an arrow.
The arrow hits the hound but does no damage.
The hound barely misses you. The hound bites you but does no damage.
The ice beast hits you but does no damage.
You shoot an arrow. The arrow hits the ice beast.
The ice beast is heavily wounded.
The hound closely misses you. The hound bites you. The ice beast hits you.
The ice beast freezes you!
You shoot an arrow. The arrow hits the ice beast.
The ice beast is heavily wounded.
The hound bites you but does no damage. The ice beast barely misses you.
The orc closely misses you. The hound bites you but does no damage.
You shoot an arrow. The arrow barely misses the ice beast.
The hound bites you but does no damage. The ice beast closely misses you.
The orc barely misses you. The hound misses you.
You shoot an arrow. The arrow closely misses the ice beast.
The ice beast hits you. The ice beast freezes you! The orc barely misses you.
The hound completely misses you.
2711 ||| READING 2 scrolls of teleportation.
As you read the scroll of teleportation, it crumbles to dust.
You feel strangely unstable. The hound closely misses you.
The ice beast hits you but does no damage.
The orc hits you with a +0 mace.
You die...

...... ..###
..... .....
....###.....
...........
..........
.........
#####.Y......
##....@h......
#......o......
#..[..........
##............
##............
##.##.....#....
##....#...###...
##.!.###...# ...
#..........#.


You could see an ice beast, a hound and an orc.

Vanquished Creatures
  Terence (D:2)
  An orc wizard (D:2)
  3 gnolls (D:3)
  6 adders
  A worm (D:3)
  3 dart slugs
  6 orcs
  7 bats
  An endoplasm (D:1)
  2 giant cockroaches
  7 goblins
  A quokka (D:1)
  4 ball pythons
  3 frilled lizards
  5 kobolds
  4 rats
55 creatures vanquished.

Notes
Turn   | Place    | Note
-------+----------+-------------------------------------------
     0 | D:1      | qw the Gargoyle Hunter began the quest for the Orb.
     0 | D:1      | Reached XP level 1. HP: 12/12 MP: 1/1
     0 | D:1      | 0 ||| qw: Version: 0.2-a-120-gdf1a93b
     0 | D:1      | 0 ||| qw: Game counter: 2994
     0 | D:1      | 0 ||| qw: Always use a shield: true
     0 | D:1      | 0 ||| qw: God list: Okawaru
     0 | D:1      | 0 ||| qw: Allow faded altars: false
     0 | D:1      | 0 ||| qw: Do Orc after D:15 true
     0 | D:1      | 0 ||| qw: Do second Lair branch before Depths: true
     0 | D:1      | 0 ||| qw: Lair rune preference: random
     0 | D:1      | 0 ||| qw: Plans: Normal
     0 | D:1      | 0 ||| PLANNING D:1-11
   230 | D:1      | Reached XP level 2. HP: 17/17 MP: 2/2
   428 | D:1      | Found a faded altar of an unknown god.
   786 | D:1      | 786 ||| READING scroll labelled ZUOT TOMAECVO.
   787 | D:1      | 787 ||| READING scroll labelled MEOXZAWAOSM.
   790 | D:1      | 790 ||| DROPPING scroll of butterflies.
   912 | D:2      | Reached XP level 3. HP: 21/21 MP: 3/3
   938 | D:2      | Reached skill level 5 in Ranged Weapons
  1070 | D:2      | Noticed Terence
  1083 | D:2      | Killed Terence
  1084 | D:2      | Reached skill level 3 in Fighting
  1084 | D:2      | Reached XP level 4. HP: 26/28 MP: 4/4
  1483 | D:2      | 1483 ||| UPGRADING to +0 ring mail.
  1493 | D:2      | 1493 ||| DROPPING +0 leather armour.
  1494 | D:2      | 1494 ||| UPGRADING to +0 helmet.
  1499 | D:2      | 1499 ||| UPGRADING to ring of positive energy.
  1500 | D:2      | 1500 ||| READING scroll labelled ONOMACH JUNT.
  1501 | D:2      | 1501 ||| READING 2 scrolls labelled JOAMASE NUZXAX.
  1502 | D:2      | 1502 ||| READING scroll labelled VAUPLU POMISUZA.
  1503 | D:2      | 1503 ||| DRINKING 3 fuming yellow potions.
  1504 | D:2      | 1504 ||| DROPPING scroll of amnesia.
  1557 | D:3      | 1557 ||| STAIRDANCE
  1562 | D:2      | HP: 6/28 [orc/+0 short sword (2)]
  1563 | D:2      | 1563 ||| DRINKING 2 potions of heal wounds.
  1571 | D:2      | Reached skill level 1 in Armour
  1577 | D:2      | HP: 7/28 [orc/+0 short sword (5)]
  1578 | D:2      | 1578 ||| DRINKING potion of heal wounds.
  1644 | D:3      | Found an opulent altar of Gozag.
  1776 | D:3      | Reached XP level 5. HP: 32/32 MP: 5/5
  1896 | D:3      | Reached skill level 6 in Ranged Weapons
  2147 | D:3      | 2147 ||| UPGRADING to +0 pair of gloves.
  2152 | D:3      | 2152 ||| DRINKING 2 blue potions.
  2192 | D:4      | Found a hide-covered altar of Uskayaw.
  2236 | D:4      | Found a broken altar of Ashenzari.
  2256 | D:4      | Found a glowing silver altar of Zin.
  2308 | D:4      | Found an iron altar of Okawaru.
  2309 | D:4      | 2309 ||| PLANNING OKAWARU WORSHIP
  2309 | D:4      | 2309 ||| READING 3 scrolls of identify.
  2309 | D:4      | 2309 ||| IDENTIFYING emerald potion
  2310 | D:4      | 2310 ||| READING 2 scrolls of identify.
  2310 | D:4      | 2310 ||| IDENTIFYING fizzy pink potion
  2311 | D:4      | 2311 ||| DROPPING potion of attraction.
  2320 | D:4      | Became a worshipper of Warmaster Okawaru
  2320 | D:4      | 2320 ||| PLANNING D:1-11
  2650 | D:4      | Found a blossoming altar of Fedhas.
  2658 | D:4      | Found a hazy altar of Hepliaklqana.
  2684 | D:5      | Entered Level 5 of the Dungeon
  2701 | D:5      | Noticed an ice beast
  2710 | D:5      | HP: 1/32 [ice beast (13)]
  2711 | D:5      | 2711 ||| READING 2 scrolls of teleportation.
  2711 | D:5      | Slain by an orc

Levels and vault maps discovered:
D:1:      lemuel_arrival_room, layout_loops_corners,
          shapermc_ecumenical_altar_flowoftime
D:2:      layout_basic, uniq_terence
D:3:      layout_basic, nicolae_gozag_cash_rules_everything_around_me,
          solitary_fountain, st_stairs_3
D:4:      layout_rooms, mainiacjoe_overflow_boulevard,
          mainiacjoe_overflow_brackets, mainiacjoe_overflow_big_doors,
          mainiacjoe_overflow_catch_the_wave
D:5:      layout_cave_pools, mainiacjoe_overflow_six_doors_small,
          minmay_temple_entry_butterflies, serial_gnoll_camp,
          gnoll_camp_mini_basic, gnoll_camp_mini_loothouse,
          gnoll_camp_medium_02, gnoll_camp_mini_sergeant, gnoll_camp_mini_house,
          gnoll_camp_mini_house, serial_shops, shop, serial_park_tiny_1,
          uniq_eustachio, uniq_blork_the_orc

Skill      XL: |  1  2  3  4  5 |
---------------+----------------+-----
Ranged Weapons | 5 6 |  6.0
Fighting       | 3 |  3.5
Armour         | 1 |  1.6
Dodging        | |  1.5
Stealth        | |  1.1

Action                     |  1- 3 |  4- 6 || total
---------------------------+-------+-------++-------
   Fire: Shortbow          |    81 |   116 ||   197
    Use: Scroll            |     2 |     6 ||     8
         Potion            |       |     4 ||     4
 Armour: Leather armour    |    10 |     4 ||    14
         Ring mail         |       |    40 ||    40
  Dodge: Dodged            |    23 |    52 ||    75

Table legend:
 A = Non-vault XP
 B = Vault XP
 C = Vault XP percentage of total XP
 D = Non-vault monster count
 E = Vault monster count
 F = Vault count percentage of total count
                 A         B        C        D         E       F
            +---------+---------+-------+---------+---------+-------
      Total |     235 |      40 |  14.5 |      51 |       4 |   7.3
            +---------+---------+-------+---------+---------+-------
        D:1 |      30 |       0 |   0.0 |      18 |       0 |   0.0
        D:2 |      82 |      36 |  30.5 |      14 |       1 |   6.7
        D:3 |     110 |       4 |   3.5 |      12 |       3 |  20.0
        D:4 |      13 |       0 |   0.0 |       7 |       0 |   0.0
            +---------+---------+-------+---------+---------+-------
